 Dungeon Crawl Stone Soup version 0.28-a0-1033-g1a2f33fa85 (webtiles) character file.

Game seed: 10132889521767505619

32 siradein the Skirmisher (level 3, -3/40 HPs)
             Began as an Ogre Fighter on Dec 7, 2021.
             Slain by an adder (4 damage)
             ... on level 2 of the Dungeon.
             The game lasted 00:01:41 (1363 turns).

siradein the Skirmisher (Ogre Fighter)              Turns: 1363, Time: 00:01:42

Health: -3/40      AC:  3    Str: 22    XL:     3   Next: 27%
Magic:  3/3        EV:  8    Int:  9    God:
Gold:   45         SH:  7    Dex:  8    Spells: 2/2 levels left

rFire   . . .      SeeInvis .   a - +0 flail
rCold   . . .      Faith    .   c - +0 kite shield
rNeg    . . .      Spirit   .   b - +0 robe
rPois   .          Reflect  .   (helmet restricted)
rElec   .          Harm     .   (no cloak)
rCorr   .          Rampage  .   (gloves unavailable)
Will    .....                   (boots unavailable)
Stlth   +.........              (no amulet)
HPRegen 0.13/turn               (no ring)
MPRegen 0.08/turn               (no ring)

@: lethally poisoned (-3 -> -9)
A: large, unfitting armour, tough skin 1
a: no special abilities


You were on level 2 of the Dungeon.
You visited 1 branch of the dungeon, and saw 2 of its levels.

You collected 45 gold pieces.

Inventory:

Hand Weapons
 a - a +0 flail (weapon)
Armour
 b - a +0 robe (worn)
 c - a +0 kite shield (worn)
Scrolls
 h - a scroll of noise {unknown}
 i - 2 scrolls of blinking {unknown}
 j - a scroll of identify {unknown}
Potions
 d - a potion of might
 e - a potion of curing {unknown}
 f - a potion of brilliance {unknown}
 g - a potion of degeneration {unknown}


   Skills:
 + Level 4.4 Fighting
 + Level 2.2 Maces & Flails
 + Level 3.1 Dodging
 + Level 3.0 Shields


You had 2 spell levels left.
You didn't know any spells.
Your spell library was empty.

Dungeon Overview and Level Annotations

Branches:
Dungeon (2/15)

Altars:


Innate Abilities, Weirdness & Mutations

You are too large for most types of armour.
You have tough skin. (AC +1)


Message History

You completely miss the adder.
You feel sick.
You are no longer poisoned.
You block the adder's attack. x2
You miss the adder. The adder bites you. x2
You barely miss the adder. The adder bites you but does no damage.
The adder barely misses you.
You miss the adder. The adder bites you.
You are poisoned.
The adder poisons you! The adder bites you.
You are more poisoned.
The adder poisons you!
You are too injured to fight recklessly!
You are too injured to fight recklessly!
You are too injured to fight recklessly!
You are too injured to fight recklessly!
You sock the adder!
The adder is almost dead.
You feel very sick. The adder bites you but does no damage.
The adder barely misses you.
You barely miss the adder.
The adder is almost dead.
You feel very sick.
The adder bites you but does no damage. x2
You closely miss the adder.
The adder is almost dead.
You feel sick. The adder bites you.
* * * LOW HITPOINT WARNING * * *
You are lethally poisoned!
The adder poisons you! The adder closely misses you.
You barely miss the adder.
The adder is almost dead.
* * * LOW HITPOINT WARNING * * *
You feel very sick. You block the adder's attack.
The adder bites you but does no damage.
You barely miss the adder.
The adder is almost dead.
* * * LOW HITPOINT WARNING * * *
You feel very sick. The adder bites you.
You die...

#.# #.# .# #.# # ###.# #.#
##.. ....# #.# #.# #########
#.# #......# #.# ##......#
#.## ........# ## #g##.##
##......# ##.#S##.#.##
#.>....# ##.#@##.#.#.##
#......#####.#.##.#.#.#.##
#........##.#.##.#.^##.#.##
########..##.#.##[#.(##.#.##
#...##†#.##.#[.##.#.##
##.#.##.#.##..#.##.#.##
##.#.##.#.##..#.##.#.##
##.#.##.#.##..#.##.#†#
##.#.##.#.#.#.##.#.##


You could see an adder and a goblin.

Vanquished Creatures
  2 dart slugs
  6 ball pythons
  3 endoplasms
  4 goblins
  2 hobgoblins (D:1)
  3 quokkas
  A bat (D:1)
  A frilled lizard (D:1)
  3 kobolds (D:1)
  2 rats
27 creatures vanquished.

Vanquished Creatures (others)
  4 toadstools (D:1)
4 creatures vanquished.

Grand Total: 31 creatures vanquished

Notes
Turn   | Place    | Note
-------+----------+-------------------------------------------
     0 | D:1      | siradein the Ogre Fighter began the quest for the Orb.
     0 | D:1      | Reached XP level 1. HP: 24/24 MP: 1/1
    87 | D:1      | Found a faded altar of an unknown god.
   193 | D:1      | Reached XP level 2. HP: 23/32 MP: 2/2
   971 | D:2      | Reached XP level 3. HP: 34/40 MP: 3/3
  1363 | D:2      | HP: 1/40 [poisoned by an adder]
  1363 | D:2      | Slain by an adder

Illustrated notes

Levels and vault maps discovered:
D:1:      ldierk_water_garden, layout_loops_ring,
          shapermc_ecumenical_altar_hornbeckon
D:2:      minmay_inner_zag, layout_basic, basic_altar, minmay_tetromino_s4

Skill      XL: |  1  2 |
---------------+-------+-----
Maces & Flails | 2 |  2.2
Dodging        | 3 |  3.1
Shields        | 3 |  3.0
Fighting       | |  4.4

Action                   || total
-------------------------++-------
Melee: Flail             ||    87
Armor: Robe              ||    29
Dodge: Dodged            ||    35
Block: Kite shield       ||    26

Table legend: (Time is in decaauts)
 A = Elapsed time spent in this place.
 B = Non-inter-level travel time spent in this place.
 C = Inter-level travel time spent in this place.
 D = Time resting spent in this place.
 E = Time spent auto-exploring this place.
 F = Levels seen in this place.
 G = Mean time per level.
                   A        B        C        D        E       F      G
               +--------+--------+--------+--------+--------+-----+--------+
         Total |   1411 |   1378 |     33 |      0 |   1167 |   2 |  705.5 |
       Dungeon |   1411 |   1378 |     33 |      0 |   1167 |   2 |  705.5 |
               +--------+--------+--------+--------+--------+-----+--------+

Top non-repeatable levels by time:
     D:1: 957 daAuts
     D:2: 454 daAuts
